 Dungeon Crawl Stone Soup version 0.19.1 (webtiles) character file.

24852 Host24 the Nimble (level 13, -1/84 HPs)
             Began as a Kobold Assassin on Dec 23, 2016.
             Was a High Priest of Dithmenos.
             Slain by a halberd of freezing (20 damage)
             ... on level 2 of the Orcish Mines.
             The game lasted 01:43:54 (22209 turns).

Host24 the Nimble (Kobold Assassin)                Turns: 22209, Time: 01:43:54

Health: -1/84      AC: 10    Str: 14    XL:     13   Next: 46%
Magic:  16/16      EV: 26    Int: 12    God:    Dithmenos [*****.]
Gold:   1249       SH:  0    Dex: 21    Spells: 4 memorised, 10 levels left

rFire  . . .     SeeInvis .     V - +3 rapier (speed)
rCold  + . .     Gourm    .     W - +2 robe {rC+}
rNeg   . . .     Faith    .     (shield restricted)
rPois  .         Spirit   .     S - +1 hat
rElec  .         Reflect  .     Y - +1 cloak {MR+}
rCorr  .         Harm     .     q - +1 pair of gloves
MR     +....                    U - +0 pair of boots
Stlth  ++++++++..               (no amulet)
                                p - +3 ring of slaying
                                C - +5 ring of strength

@: wreathed by umbra, drained
A: carnivore 3
a: Shadow Step, Shadow Form, Renounce Religion


You were on level 2 of the Orcish Mines.
You worshipped Dithmenos.
Dithmenos was extremely pleased with you.
You were completely stuffed.

You visited 4 branches of the dungeon, and saw 16 of its levels.
You also visited: Ossuary and Bailey.

You collected 1249 gold pieces.

Inventory:

Hand Weapons
 b - a +0 blowgun
 e - a +0 arbalest
 u - the +8 lance "Wyrmbane" {slay drac, rPois rF+ rC+ AC+3}
   (You found it on level 8 of the Dungeon)

   It affects your AC (+3).
   It protects you from fire.
   It protects you from cold.
   It protects you from poison.
 V - a +3 rapier of speed (weapon)
Missiles
 j - 7 poisoned needles
 t - 342 bolts
 X - 2 needles of confusion
Armour
 q - a +1 pair of gloves (worn)
 S - a +1 hat (worn)
 U - a +0 pair of boots (worn)
 W - a +2 robe of cold resistance (worn)
 Y - a +1 cloak of magic resistance (worn)
Jewellery
 p - a +3 ring of slaying (right hand)
 C - a +5 ring of strength (left hand)
Wands
 D - a wand of heal wounds (4/9)
 K - a wand of teleportation (3/9)
Scrolls
 f - 2 scrolls of summoning {unknown}
 i - 2 scrolls of noise {unknown}
 k - 3 scrolls of teleportation
 m - a scroll of remove curse
 o - 2 scrolls of enchant weapon
 r - a scroll of immolation {unknown}
 s - 3 scrolls of identify
 v - 2 scrolls of torment {unknown}
 x - a scroll of fog {unknown}
 E - a scroll of enchant armour {unknown}
 H - 3 scrolls of vulnerability {unknown}
 M - a scroll of random uselessness {unknown}
 Q - a scroll of fear {unknown}
 R - a scroll of amnesia {unknown}
 T - a scroll of recharging {unknown}
Potions
 a - 2 potions of berserk rage {unknown}
 d - 3 potions of brilliance {unknown}
 l - a potion of cure mutation
 z - 4 potions of curing
 A - a potion of invisibility {unknown}
 B - 6 potions of flight {unknown}
 G - a potion of magic {unknown}
 I - 2 potions of might {unknown}
 J - 3 potions of ambrosia {unknown}
 L - a potion of lignification {unknown}
 N - 6 potions of degeneration {unknown}
 O - 6 potions of mutation {unknown}
 P - 3 potions of heal wounds {unknown}
 Z - 2 potions of resistance {unknown}
Miscellaneous
 n - a sack of spiders
Comestibles
 c - 4 chunks of flesh
 g - 3 meat rations
 h - 5 slices of pizza
 y - 8 royal jellies
 F - a beef jerky


   Skills:
 - Level 11.0(10.8) Fighting
 - Level 11.1(10.9) Short Blades
 + Level 7.6(7.4) Crossbows
 - Level 6.3(6.1) Throwing
 - Level 12.0(11.7) Dodging
 - Level 12.0(11.8) Stealth
 - Level 2.0(1.8) Spellcasting
 - Level 2.0(1.8) Charms
 - Level 2.6(2.3) Necromancy
 - Level 2.2(2.0) Air Magic
 - Level 6.0(5.8) Earth Magic
 - Level 4.0(3.8) Invocations


You had 10 spell levels left.
You knew the following spells:

 Your Spells              Type           Power        Failure   Level  Hunger
a - Sandblast             Erth           ###...       2%          1    ##.....
b - Animate Skeleton      Necr           N/A          12%         1    ##.....
c - Blink                 Tloc           N/A          52%         2    ###....
d - Repel Missiles        Chrm/Air       #.....       21%         2    ###....


Dungeon Overview and Level Annotations

Branches:
Dungeon (12/15)            Temple (1/1) D:4            Lair (1/6) D:11
    Orc (2/2) D:10
    Elf: Orc:2

Altars:
Ashenzari
Cheibriados
Dithmenos
Elyvilon
Fedhas
Gozag
Hepliaklqana
Kikubaaqudgha
Makhleb
Nemelex Xobeh
Okawaru
Qazlal
Ru
Sif Muna
Trog
Uskayaw
Vehumet
Xom
Yredelemnul
Zin
The Shining One

Shops:
Orc:2 (

Annotations:
D:6 Menkaure
D:7 randomNumberGod's ghost, novice DECj
D:12 Pelerin's ghost, journeyman MiFi
Lair:1 ARFLORD's ghost, journeyman DECj
Orc:1 Saint Roka


Innate Abilities, Weirdness & Mutations

You are small and have problems with some larger weapons.
You are carnivorous and can eat meat at any time.


Message History

Your shadow hits the orc sorcerer with a rapier.
You barely miss the orc sorcerer.
The orc sorcerer is severely wounded.
The orc sorcerer points at you and mumbles some strange words.
You resist with almost no effort. The soul eater hits you!!
You feel drained.
* * * LOW HITPOINT WARNING * * *
You puncture the orc sorcerer!
You kill the orc sorcerer!
Dithmenos accepts your kill.
Dithmenos appreciates your extinguishing a source of fire.
The soul eater disappears in a puff of smoke!
The halberd of freezing hits you from afar.
* * * LOW HITPOINT WARNING * * *
The halberd of freezing freezes you.
* * * LOW HITPOINT WARNING * * *
Your troll skeleton closely misses the halberd of freezing.
Your troll skeleton claws the halberd of freezing.
Your troll skeleton claws the halberd of freezing but does no damage.
The halberd of freezing hits you from afar!!
You die...

.........#.#...........#......#
......................###.....###
#........###.#.........#........#
...<.....# ##..........###......#
........#####.........##.......##
..........#.....#.....#.........#
.......<........#..............##
....##........#.#.(Z..........##
...##.#.........@#.........#.##
.####.#......##.###...)..#....#
..##...#.....#### #..........##
#####.###.#### ##.....#.#.## ###
### ####.###...# #ยง)# ##.##
..... ### ..(..... #......(...


You could see a halberd of freezing and a friendly troll skeleton.

Vanquished Creatures
  Gastronok (D:9)
  A centaur warrior (D:10)
  Nergalle (D:11)
  2 hill giants
  2 orc knights
  2 orc sorcerers (Orc:2)
  2 ugly things (D:11)
  2 cyclopes
  A manticore (D:11)
  A guardian serpent (D:9)
  Joseph (D:9)
  6 trolls
  A queen bee (D:9)
  A two-headed ogre (Orc:1)
  4 hippogriffs
  A shadow (D:11)
  A wraith (D:11)
  15 yaks
  A golden eye (shapeshifter) (D:10)
  2 hungry ghosts (D:10)
  2 wargs (Orc:1)
  Edmund (D:6)
  Duvessa (D:5)
  A water moccasin (D:8)
  3 sky beasts
  29 orc warriors
  3 ice beasts
  An eye of draining (D:10)
  A necrophage (D:7)
  7 ogres
  2 phantoms
  9 centaurs
  2 crocodiles (D:9)
  3 big kobolds
  5 bullfrogs
  2 water moccasin zombies (Ossuary)
  A wyvern skeleton (D:10)
  Dowan (D:5)
  20 killer bees (D:9)
  5 wights (D:7)
  An electric eel (D:10)
  5 crimson imps
  6 centaur zombies
  3 bullfrog zombies
  A quasit (D:7)
  2 gnoll shamans
  2 hounds
  7 jellies
  13 orc priests
  Crazy Yiuf (D:5)
  3 bullfrog skeletons
  17 orc wizards
  8 worker ants
  6 iguanas
  2 big kobold zombies (Ossuary)
  2 hound zombies
  2 hound skeletons (D:7)
  2 mummies (Ossuary)
  A howler monkey skeleton (D:8)
  19 gnolls
  17 adders
  3 shadow imps
  10 adder zombies
  2 adder skeletons
  4 worms
  6 leopard geckos
  89 orcs
  4 bats
  8 giant cockroaches
  3 gnoll zombies (Ossuary)
  7 goblins
  9 hobgoblins
  9 jackals
  16 kobolds
  4 quokkas
  A ball python (D:4)
  8 frilled lizards
  A goblin zombie (D:4)
  3 hobgoblin zombies (Ossuary)
  2 jackal zombies
  6 kobold zombies (Ossuary)
  A leopard gecko skeleton (D:5)
  6 orc zombies (Ossuary)
  2 quokka skeletons
  A quokka zombie (D:7)
  3 rats
  A rat zombie (D:4)
  2 fungi (D:5)
478 creatures vanquished.

Vanquished Creatures (collateral kills)
  A troll (D:11)
  An orc warrior (D:11)
  2 orcs
  2 kobolds (D:11)
6 creatures vanquished.

Grand Total: 484 creatures vanquished

Notes
Turn   | Place    | Note
-------+----------+-------------------------------------------
     0 | D:1      | Host24 the Kobold Assassin began the quest for the Orb.
     0 | D:1      | Reached XP level 1. HP: 12/12 MP: 1/1
    55 | D:1      | Reached XP level 2. HP: 14/17 MP: 2/2
   365 | D:1      | Reached XP level 3. HP: 17/22 MP: 3/3
   900 | D:2      | Found a shimmering altar of Xom.
  1091 | D:2      | Reached XP level 4. HP: 27/28 MP: 4/4
  1207 | D:3      | Found a blossoming altar of Fedhas.
  1889 | D:3      | Reached XP level 5. HP: 27/33 MP: 5/5
  2572 | D:4      | Found a sacrificial altar of Ru.
  2596 | D:4      | Reached XP level 6. HP: 38/38 MP: 6/6
  2689 | D:4      | Noticed a phantom
  2722 | D:4      | Killed a phantom
  2773 | D:4      | Found a staircase to the Ecumenical Temple.
  2863 | D:4      | Found a sand-covered staircase.
  2870 | Ossuary  | Entered an ossuary
  3318 | Ossuary  | Reached XP level 7. HP: 41/44 MP: 7/7
  3389 | Ossuary  | Reached skill level 5 in Fighting
  3776 | D:4      | Reached skill level 5 in Short Blades
  4261 | D:4      | Reached skill level 5 in Dodging
  4361 | D:4      | Reached XP level 8. HP: 16/49 MP: 8/8
  5171 | Temple   | Entered the Ecumenical Temple
  5407 | D:5      | Entered Level 5 of the Dungeon
  5843 | D:5      | Found a snail-covered altar of Cheibriados.
  6433 | D:5      | Noticed Duvessa
  6433 | D:5      | Noticed Dowan
  6483 | D:5      | Found a runed door.
  6488 | D:5      | Noticed Crazy Yiuf
  6509 | D:5      | Killed Crazy Yiuf
  6932 | D:5      | Killed Dowan
  6944 | D:5      | HP: 1/51 [Duvessa/rapier (13)]
  7547 | D:5      | Killed Duvessa
  7547 | D:5      | Reached XP level 9. HP: 48/55 MP: 9/9
  7614 | D:6      | Noticed Edmund
  7782 | D:6      | Killed Edmund
  7782 | D:6      | Reached skill level 5 in Throwing
  7825 | D:6      | Learned a level 1 spell: Sandblast
  7917 | D:6      | Reached skill level 1 in Spellcasting
  8053 | D:6      | Noticed Menkaure
  8099 | D:6      | Found a radiant altar of Vehumet.
  8099 | D:6      | Found a shadowy altar of Dithmenos.
  8104 | D:6      | Became a worshipper of Dithmenos the Shadowed
  8231 | D:7      | Reached skill level 1 in Invocations
  8241 | D:7      | Found a flagged portal.
  8500 | D:7      | Noticed a hippogriff
  8507 | D:7      | Killed a hippogriff
  8555 | Bailey   | Entered a bailey
  9097 | Bailey   | Reached skill level 1 in Crossbows
  9514 | Bailey   | Reached * piety under Dithmenos
  9518 | Bailey   | Reached XP level 10. HP: 60/60 MP: 11/11
  9872 | Bailey   | Reached skill level 5 in Crossbows
 10013 | Bailey   | Noticed an orc knight
 10543 | Bailey   | Killed an orc knight
 10915 | D:7      | Noticed randomNumberGod's ghost (novice DECj)
 11144 | D:7      | Reached skill level 10 in Stealth
 11665 | D:8      | Found a white marble altar of Elyvilon.
 11676 | D:8      | Learned a level 1 spell: Animate Skeleton
 11817 | D:8      | Reached skill level 1 in Necromancy
 11859 | D:8      | Identified a scroll of acquirement
 12147 | D:9      | Noticed Joseph
 12207 | D:9      | Noticed Gastronok
 12906 | D:9      | Reached ** piety under Dithmenos
 12906 | D:9      | Reached XP level 11. HP: 50/71 MP: 13/13
 13030 | D:9      | Killed Gastronok
 13350 | D:9      | Killed Joseph
 13656 | D:9      | Reached *** piety under Dithmenos
 13927 | D:9      | Reached skill level 10 in Dodging
 14288 | D:10     | Entered Level 10 of the Dungeon
 15102 | D:10     | Reached skill level 10 in Short Blades
 15110 | D:10     | Reached XP level 12. HP: 73/76 MP: 15/15
 15714 | D:10     | Reached **** piety under Dithmenos
 16049 | D:10     | Noticed an anaconda
 16075 | D:10     | Noticed a centaur warrior
 16475 | D:10     | Found a staircase to the Orcish Mines.
 16506 | Orc:1    | Entered Level 1 of the Orcish Mines
 16639 | Orc:2    | Entered Level 2 of the Orcish Mines
 16681 | Orc:2    | Noticed Saint Roka
 17459 | Orc:1    | Found a burning altar of Makhleb.
 17794 | D:10     | Got a crude amber ring
 17795 | D:10     | Identified the ring of Pait {rC+ Int+6} (You found it on level 10 of the Dungeon)
 18408 | D:11     | Found a staircase to the Lair.
 18869 | D:10     | Killed a centaur warrior
 18869 | D:10     | Reached skill level 10 in Fighting
 18894 | D:10     | Reached XP level 13. HP: 79/82 MP: 16/16
 19024 | D:11     | Learned a level 2 spell: Blink
 19027 | D:11     | Learned a level 2 spell: Repel Missiles
 19073 | D:11     | Reached ***** piety under Dithmenos
 19616 | D:11     | Reached skill level 1 in Charms
 19672 | Lair:1   | Entered Level 1 of the Lair of Beasts
 19672 | Lair:1   | Noticed ARFLORD's ghost (journeyman DECj)
 19941 | D:11     | Reached skill level 1 in Air Magic
 20247 | D:12     | Noticed Nergalle
 20284 | D:11     | Killed Nergalle
 20589 | D:12     | Noticed Pelerin's ghost (journeyman MiFi)
 22165 | Orc:2    | Found Disaeti's Weapon Shoppe.
 22209 | Orc:2    | Slain by a halberd of freezing

Skill      XL: |  1  2  3  4  5  6  7  8  9 10 11 12 13 |
---------------+----------------------------------------+-----
Dodging        | 2 3 4 5 8 10 12 | 12.0
Fighting       | 3 4 5 6 9 10 11 | 11.0
Short Blades   | 3 4 5 7 8 9 10 11 | 11.1
Throwing       | 3 4 5 6 |  6.3
Stealth        | 7 8 9 10 11 12 | 12.0
Spellcasting   | 1 2 |  2.0
Invocations    | 1 3 4 |  4.0
Crossbows      | 3 5 7 |  7.6
Necromancy     | 1 2 |  2.6
Earth Magic    | 6 |  6.0
Charms         | 2 |  2.0
Air Magic      | 2 |  2.2

Action                   |  1- 3 |  4- 6 |  7- 9 | 10-12 | 13-15 || total
-------------------------+-------+-------+-------+-------+-------++-------
Melee: Dagger            |    91 |    91 |    63 |       |       ||   245
       Short sword       |       |   135 |   503 |   171 |       ||   809
       Rapier            |       |       |    17 |   591 |   240 ||   848
       Lance             |       |       |       |     4 |       ||     4
 Fire: Blowgun           |     2 |     9 |    37 |    87 |       ||   135
       Arbalest          |       |       |    33 |   207 |    38 ||   278
 Cast: Animate Skeleton  |       |       |       |    20 |    12 ||    32
Evoke: Wand              |       |       |       |     1 |       ||     1
  Use: Scroll            |       |       |     9 |    11 |     1 ||    21
       Potion            |       |       |       |     4 |       ||     4
 Stab: Sleeping          |    11 |    16 |    19 |    13 |     4 ||    63
       Invisible         |       |     1 |       |       |       ||     1
       Paralysed         |       |     1 |       |       |       ||     1
       Distracted        |       |       |     2 |     4 |     1 ||     7
       Confused          |       |       |     1 |     1 |       ||     2
  Eat: Chunk             |     9 |     5 |    22 |    34 |    10 ||    80
       Beef jerky        |       |       |       |     1 |       ||     1
Armor: Robe              |    14 |    38 |    43 |    62 |    25 ||   182
Dodge: Dodged            |    56 |   156 |   297 |   665 |   210 ||  1384
